 Adventure DCSS version bcrawl-1.27.3 (webtiles) character file.

Game seed: 5756876365534649981

745869 galech the Executioner (level 21, -3/184 HPs)
             Began as a Demonspawn Fighter on Sept 28, 2020.
             Was the Champion of Okawaru.
             Slain by an azure jelly (8 damage)
             ... created by the Royal Jelly
             ... on level 5 of the Pits of Slime.
             The game lasted 01:21:31 (33586 turns).

galech the Executioner (Demonspawn Fighter)        Turns: 33586, Time: 01:21:31

Health: -3/184     AC:  1    Str: 26    XL:     21   Next: 5%
Magic:  0/33       EV: 17    Int: 11    God:    Okawaru [******]
Gold:   1477       SH: 14    Dex: 11    Spells: 20/20 levels left
                                        Lives:  0   Deaths: 2

rFire    + + +     SeeInvis +   E - +8 mithril axe "Arga" {speed, MR+}
rCold    + + .     Gourm    .   Q - +1 buckler of Snakes and Ladders {rN+ Str-4 Slay+6}
rNeg     + + +     Faith    .   B - +4 moon troll leather armour {Spirit, Regen++ rCorr MP+5}
rPois    +         Spirit   +   (helmet unavailable)
rElec    .         Reflect  +   t - +2 cloak "Jeygivozatz" {*Corrode rPois Regen+}
rCorr    +         Harm     .   (gloves unavailable)
MR       ++...                  (boots unavailable)
Stlth    ++++++....             H - amulet of Tioqeuri {Reflect rC++ rN+ SH+3 Stlth+}
HPRegen  1.60/turn              W - ring of resist corrosion
MPRegen  0.23/turn              I - ring "Voot" {*Contam rF+++ rN++ Slay+4 SInv}

@: mighty, heroism, finesse, corroded
A: claws 3, horns 3, talons 3, clumsy 1, demonic guardian 2, powered by death 1,
powered by pain 3, [screaming 1]
a: Heroism, Finesse, Renounce Religion


You were on level 5 of the Pits of Slime.
You worshipped Okawaru.
Okawaru was exalted by your worship.
You were hungry.

You visited 7 branches of the dungeon, and saw 33 of its levels.
You visited the Abyss 1 time.
You also visited: Gauntlet, Ice Cave and Desolation.

You collected 4690 gold pieces.
You spent 3213 gold pieces at shops.

Inventory:

Hand Weapons
 E - the +8 mithril axe "Arga" (weapon) {speed, MR+}
   (Okawaru gifted it to you on level 2 of the Depths)

   Attacks with this weapon are significantly faster.
   It affects your resistance to hostile enchantments.
 J - a +2 hand axe of flaming
Armour
 r - a +2 medium shield of positive energy
 t - the +2 cloak "Jeygivozatz" (worn) {*Corrode rPois Regen+}
   (You found it in a Gauntlet)

   It protects you from poison.
   It increases your rate of regeneration.
   It may corrode you when you take damage.
 B - the +4 moon troll leather armour (worn) {Spirit, Regen++ rCorr MP+5}
   (You found it in the Desolation of Salt)

   It affects your magic capacity (+5).
   It increases your rate of regeneration.
   It provides partial protection from all sources of acid and corrosion.
 F - the +3 hat of Pondering {ponderous, MR+ MP+10 Int+5}
   (You took it off Gastronok on level 1 of the Lair of Beasts)

   It affects your intelligence (+5).
   It affects your resistance to hostile enchantments.
   It affects your magic capacity (+10).
 N - the +1 faerie dragon scales {rElec rCorr}
   (You took it off the Enchantress on level 1 of the Depths)

   It insulates you from electricity.
   It provides partial protection from all sources of acid and corrosion.
 Q - the +1 buckler of Snakes and Ladders (worn) {rN+ Str-4 Slay+6}
   (You found it in the Desolation of Salt)

   It affects your strength (-4).
   It affects your accuracy and damage with ranged weapons and melee attacks
   (+6).
   It protects you from negative energy.
 R - the +13 crystal plate armour of Infinity {Stlth+}
   (You bought it in a shop in the Orcish Mines)

   It makes you more stealthy.
 U - the +2 plate armour "Orimepid" {rC- Slay+6 SInv Stlth+}
   (You found it on level 3 of the Elven Halls)

   It affects your accuracy and damage with ranged weapons and melee attacks
   (+6).
   It makes you vulnerable to cold.
   It lets you see invisible.
   It makes you more stealthy.
 V - the +0 buckler "Wim Byo" {rC++ Regen+}
   (Okawaru gifted it to you on level 5 of the Lair of Beasts)

   It greatly protects you from cold.
   It increases your rate of regeneration.
Jewellery
 b - an uncursed amulet of magic regeneration
 d - an uncursed ring of protection from fire
 l - a +4 ring of slaying
 n - an uncursed ring of poison resistance
 G - the ring of Xoptued {rC+ MP+9 Stlth+}
   (You found it in the Desolation of Salt)

   [ring of magical power]

   It protects you from cold.
   It affects your magic capacity (+9).
   It makes you more stealthy.
 H - the amulet of Tioqeuri (around neck) {Reflect rC++ rN+ SH+3 Stlth+}
   (You found it in the Desolation of Salt)

   [amulet of reflection]

   It shields you and reflects attacks.
   It greatly protects you from cold.
   It protects you from negative energy.
   It affects your SH (+3).
   It makes you more stealthy.
 I - the ring "Voot" (right claw) {*Contam rF+++ rN++ Slay+4 SInv}
   (You bought it in a shop on level 5 of the Depths)

   [ring of see invisible]

   It affects your accuracy and damage with ranged weapons and melee attacks
   (+4).
   It renders you almost immune to fire.
   It greatly protects you from negative energy.
   It lets you see invisible.
   It causes magical contamination when unequipped.
 W - a ring of resist corrosion (left claw)
Wands
 L - a wand of digging (14)
Scrolls
 f - a scroll of brand weapon
 g - 4 scrolls of enchant armour
 h - 6 scrolls of fear
 i - 7 scrolls of fog
 k - 12 scrolls of remove curse
 m - 7 scrolls of blinking
 s - 2 scrolls of immolation
 K - 2 scrolls of magic mapping
 M - 4 scrolls of identify
 P - 7 scrolls of teleportation
 S - 2 scrolls of acquirement
Potions
 a - a potion of haste
 o - 2 potions of invisibility
 p - 2 potions of resistance
 q - 2 potions of might
 u - 10 potions of curing
 v - 3 potions of lignification
 w - 4 potions of flight
 x - 8 potions of agility
 z - 3 potions of cancellation
 A - 3 potions of mutation
 C - 5 potions of ambrosia
 T - 2 potions of berserk rage
 X - 2 potions of brilliance
Miscellaneous
 y - a lamp of fire
 D - a sack of spiders
 O - a phial of floods
 Y - a lightning rod (4/4)
Comestibles
 e - 67 rations {!d}


   Skills:
 + Level 20.5(25.5) Fighting
 + Level 21.3(26.3) Axes
 + Level 14.0(19.0) Armour
 + Level 6.8(11.8) Dodging
 + Level 8.6(13.6) Stealth
 + Level 14.7(19.7) Shields
 + Level 10.3 Invocations


You had 20 spell levels left.
You didn't know any spells.
Your spell library contained the following spells:

 Spells                   Type           Power        Failure   Level  Hunger
 Throw Frost              Conj/Ice       #.....       30%         2    ####...
 Beastly Appendage        Tmut           #.....       45%         1    None
 Flame Tongue             Conj/Fire      #....        45%         1    None
 Freeze                   Ice            #.....       45%         1    None
 Magic Dart               Conj           #...         45%         1    None
 Summon Small Mammal      Summ           #...         45%         1    None
 Blink                    Tloc           N/A          61%         2    ####...
 Call Imp                 Summ           #.....       61%         2    ####...
 Ensorcelled Hibernation  Hex/Ice        #.....       61%         2    ####...
 Passwall                 Tmut/Erth      #.......     61%         2    ####...
 Sticks to Snakes         Tmut           #.......     61%         2    ####...
 Call Canine Familiar     Summ           #.......     83%         3    #####..
 Confuse                  Hex            #.......     83%         3    #####..
 Conjure Flame            Conj/Fire      #.......     83%         3    #####..
 Dazzling Orbs            Conj/Hex       #......      83%         3    #####..
 Inner Flame              Hex/Fire       N/A          83%         3    #####..
 Mephitic Cloud           Conj/Pois/Air  #.......     83%         3    #####..
 Ozocubu's Armour         Chrm/Ice       #.......     83%         3    #####..
 Recall                   Summ/Tloc      N/A          83%         3    #####..
 Spider Form              Tmut/Pois      #..          83%         3    #####..
 Stone Arrow              Conj/Erth      #.....       83%         3    #####..
 Animate Dead             Necr           N/A          99%         4    ######.
 Ice Form                 Ice/Tmut       #.......     99%         4    ######.
 Petrify                  Tmut/Erth      #.........   99%         4    ######.
 Summon Ice Beast         Ice/Summ       #.......     99%         4    ######.
 Yara's Violent Unravell  Hex/Tmut       #.........   99%         4    ######.
 Aura of Abjuration       Summ           #.........   100%        5    #######
 Blade Hands              Tmut           #.........   100%        5    #######
 Fireball                 Conj/Fire      #.........   100%        5    #######
 Metabolic Englaciation   Hex/Ice        #.........   100%        5    #######
 Silence                  Hex/Air        #.........   100%        5    #######
 Summon Demon             Summ           #.........   100%        5    #######
 Summon Forest            Summ/Tloc      #.........   100%        5    #######
 Summon Lightning Spire   Summ/Air       #.......     100%        5    #######
 Summon Mana Viper        Hex/Summ       #.......     100%        5    #######
 Bolt of Fire             Conj/Fire      #.........   100%        6    #######
 Borgnjor's Vile Clutch   Necr/Erth      #.........   100%        6    #######
 Conjure Ball Lightning   Conj/Air       #.........   100%        6    #######
 Death Channel            Chrm/Necr      #.........   100%        6    #######
 Deflect Missiles         Chrm/Air       #.........   100%        6    #######
 Freezing Cloud           Ice/Air        #.........   100%        6    #######
 Shadow Creatures         Summ           N/A          100%        6    #######
 Simulacrum               Ice/Necr       #.........   100%        6    #######
 Statue Form              Tmut/Erth      #........    100%        6    #######
 Summon Hydra             Summ           #.........   100%        6    #######
 Haunt                    Necr/Summ      #.........   100%        7    #######
 Icicle Burst             Conj/Ice       #.........   100%        7    #######
 Malign Gateway           Summ/Tloc      #.........   100%        7    #######
 Mana Rupture             Conj/Hex       #.........   100%        7    #######
 Monstrous Menagerie      Summ           #.........   100%        7    #######
 Spellforged Servitor     Conj/Summ      #.........   100%        7    #######
 Summon Greater Demon     Summ           #.........   100%        7    #######
 Borgnjor's Revivificati  Necr           #.........   100%        8    #######
 Necromutation            Tmut/Necr      #.......     100%        8    #######
 Summon Horrible Things   Summ           #.........   100%        8    #######
 Tornado                  Air            #.........   100%        9    #######


Dungeon Overview and Level Annotations

Branches:
Dungeon (12/12)            Temple (1/1) D:4            Lair (6/6) D:9
 Shoals (0/3) Lair:3       Spider (0/3) Lair:3        Slime (5/5) Lair:5
    Orc (1/1) D:8             Elf (3/3) Orc          Vaults (0/3) D:11
 Depths (5/5) D:12            Zot (0/5) Depths:5

Altars:
Ashenzari
Cheibriados
Dithmenos
Elyvilon
Fedhas
Gozag
Hepliaklqana
Kikubaaqudgha
Lugonu
Makhleb
Nemelex Xobeh
Okawaru
Qazlal
Sif Muna
Trog
Uskayaw
Vehumet
Xom
Yredelemnul
Zin
The Shining One
Jiyva

Shops:
D:4 [   D:8 *   D:12 [   Orc *![[*!   Depths:4 =*   Depths:5 }=}

Portals:
Hell: Depths:1 Depths:2 Depths:3 Depths:4 Depths:5
Abyss: Depths:2 Depths:3 Depths:4
Pandemonium: Depths:3
Ziggurat: Depths:4
Trove: Depths:1 (give 9 potions of agility)


Innate Abilities, Weirdness & Mutations

You have claws for hands.
You have a pair of large horns on your head.
You have claws for feet.
A demonic guardian rushes to your aid.
You regenerate a little health from kills.
You are powered by pain.
You are clumsy. (Dex -2)
[You occasionally shout uncontrollably at your foes.]


Message History

The azure jelly hits you!
* * * LOW HITPOINT WARNING * * *
The azure jelly freezes you! You resist.
* * * LOW HITPOINT WARNING * * *
You block the azure jelly's attack. The azure jelly hits you!
* * * LOW HITPOINT WARNING * * *
Your corrosive artefact corrodes you!
The acid blob hits your orange demon!
Your orange demon is splashed with acid.
Your orange demon seems to be corroded for longer.
Your orange demon dies!
The acid blob hits you!
* * * LOW HITPOINT WARNING * * *
You focus on the pain.
You feel very mighty all of a sudden. The acid corrodes you!
You are splashed with acid.
You resist.
* * * LOW HITPOINT WARNING * * *
The azure jelly hits you.
* * * LOW HITPOINT WARNING * * *
The azure jelly freezes you! You resist.
You die...

##................
###.................
##.#.................
#....................
####...................
#......................
####.....................
##......JJ................
#.....JJJ@................
##......JJJJ...............
##..........................
###...........................
#.............................
.#...........................
#...........................
##...........................
#.....................####.##


You could see 2 acid blobs, 3 azure jellies and 4 death oozes.

Vanquished Creatures
  the Royal Jelly (Slime:5)
  2 juggernauts
  Mara (Depths:1)
  Saint Roka (Depths:1)
  Gastronok (Lair:1)
  3 caustic shrikes
  the Enchantress (Depths:1)
  Nikola (Depths:3)
  3 bone dragons
  A tentacled monstrosity (Depths:5)
  Rupert (Orc)
  2 liches
  2 deep elf blademasters (Elf:3)
  17 acid blobs
  2 sphinxes (Depths:3)
  A tentacled starspawn (Abyss:1)
  5 azure jellies
  Roxanne (Elf:3)
  4 tengu reavers
  10 frost giants
  A shadow dragon (Depths:5)
  11 fire giants
  2 deep elf sorcerers
  2 imperial myrmidons (Desolation)
  12 stone giants
  2 draconian stormcallers (Depths:5)
  4 very ugly things
  An ironheart preserver (D:11)
  5 spriggan defenders
  6 deep elf demonologists
  2 green draconians (Depths:5)
  3 vampire knights
  A minotaur (Gauntlet)
  A halazid warlock (Desolation)
  4 deep elf annihilators
  4 spark wasps
  Nessos (Lair:5)
  A red draconian (Depths:5)
  5 ettins
  4 deep elf death magi (Elf:3)
  5 death oozes
  3 crystal guardians (Desolation)
  9 fire dragons
  2 jiangshi (Depths:1)
  11 yaktaur captains
  2 deep elf high priests (Elf:3)
  6 ragged hierophants (Desolation)
  Fannar (D:12)
  3 ice dragons
  7 great orbs of eyes
  6 rakshasas
  5 spriggan air magi
  7 peacekeepers (Desolation)
  A hell beast (Depths:1)
  9 hydras
  9 servants of whispers (Desolation)
  A catoblepas (Lair:5)
  4 ogre magi (Orc)
  A centaur warrior (D:12)
  A death scarab (Gauntlet)
  Erica (D:10)
  5 deep troll shamans
  25 dancing weapons
  11 two-headed ogres
  A vampire mage (Depths:1)
  4 tengu warriors
  8 spriggan berserkers
  A death yak (IceCv)
  3 deep troll earth magi
  Nergalle (D:9)
  16 deep elf knights
  A wretched star (Abyss:1)
  13 deep trolls
  5 iron trolls
  2 sixfirhies
  An unseen horror (D:12)
  A shadow demon (Depths:3)
  A swamp dragon (Lair:6)
  A large abomination (Abyss:1)
  2 flayed ghosts
  14 deep elf archers
  An infernal demonspawn (Depths:3)
  3 ironbrand convokers (Desolation)
  3 wizards
  A necromancer (D:12)
  2 cyclopes
  A wolf spider (Lair:6)
  A harpy (shapeshifter) (D:11)
  14 ugly things
  6 oklob plants
  2 manticores
  49 deep elf magi
  6 shining eyes
  An elephant (Lair:3)
  6 guardian serpents
  3 centaur zombies
  Maurice (Orc)
  2 eyes of devastation
  3 molten gargoyles (Desolation)
  3 black mambas
  A rust devil (Depths:1)
  5 centaur skeletons
  14 cane toads
  A smoke demon (Depths:3)
  2 gargoyles
  2 freezing wraiths
  2 efreet (D:11)
  A rime drake (shapeshifter) (Depths:4)
  24 yaktaurs
  9 komodo dragons
  3 rime drakes
  2 red devils
  An ice devil (Depths:1)
  63 saltlings (Desolation)
  A troll (shapeshifter) (Depths:3)
  18 polar bears
  5 trolls
  3 dream sheep (Lair:5)
  Grinder (D:6)
  12 hornets
  A harpy skeleton (D:12)
  5 raiju (Abyss:1)
  60 slime creatures
  2 dream sheep (shapeshifter)
  14 blink frogs
  18 hippogriffs
  4 redbacks
  13 spriggans
  4 flying skulls (Depths:1)
  A shadow (D:12)
  A centaur simulacrum (D:12)
  A redback (shapeshifter) (Depths:3)
  3 water elementals
  6 air elementals
  31 yaks
  A ynoxinul (Depths:3)
  2 vampires
  3 basilisks
  5 fire elementals
  A hungry ghost (Abyss:1)
  A wraith (D:10)
  6 vampire mosquitoes (D:12)
  A steam dragon (Lair:6)
  10 wyverns
  4 golden eyes
  Grum (D:8)
  A chaos spawn (Abyss:1)
  Menkaure (D:5)
  7 crocodiles
  A soldier ant (D:11)
  13 water moccasins
  8 porcupines
  4 acid dragons
  2 swamp drakes (Lair:6)
  2 floating eyes
  4 eyes of draining
  14 orc warriors
  A sky beast (D:6)
  3 ice beasts
  2 black bears (D:8)
  28 wolves
  5 centaurs
  27 ogres
  3 phantoms
  11 bullfrogs
  3 big kobolds
  2 small abominations (Abyss:1)
  Blork the orc (D:6)
  A gnoll sergeant (D:10)
  4 earth elementals
  3 scorpions
  A killer bee (D:6)
  2 howler monkeys (D:7)
  8 wights
  4 electric eels
  5 crimson imps
  A quasit (Depths:3)
  15 orc priests
  4 jellies
  A bullfrog skeleton (D:4)
  A gnoll shaman (D:6)
  18 hounds
  An iron imp (Abyss:1)
  15 iguanas
  11 orc wizards
  7 worker ants
  11 gnolls
  8 adders
  A shadow imp (Depths:3)
  13 white imps
  5 ufetubi
  4 oozes
  An adder zombie (D:7)
  6 worms
  3 dart slugs
  4 leopard geckos
  67 orcs
  5 bats
  3 giant cockroaches
  5 goblins
  10 hobgoblins
  16 jackals
  4 quokkas
  A ball python (D:2)
  3 frilled lizards
  11 kobolds
  2 rats
  4 fungi
  2 pillars of salt (Elf:2)
  24 plants
  2 starspawn tentacles (Abyss:1)
1279 creatures vanquished.

Vanquished Creatures (collateral kills)
  A deep elf master archer (Elf:3)
  2 acid blobs (Slime:5)
  Donald (Orc)
  A fire giant (Depths:2)
  An azure jelly (Slime:4)
  4 stone giants
  A green draconian (Depths:5)
  A spark wasp (Depths:2)
  2 deep elf death magi (Elf:3)
  2 rakshasas
  A yaktaur captain (Depths:5)
  3 spriggan air magi
  An ice dragon (Depths:4)
  3 hydras
  A death knight (D:10)
  6 two-headed ogres (Orc)
  A death yak (IceCv)
  A spriggan berserker (Depths:5)
  A deep troll (Depths:2)
  A skeletal warrior (D:10)
  A flayed ghost (Depths:2)
  A deep elf archer (Elf:2)
  An ugly thing (Depths:1)
  A wolf spider (Lair:6)
  An oklob plant (Lair:5)
  9 deep elf magi
  A black mamba (Lair:6)
  A black mamba (shapeshifter) (Depths:2)
  Joseph (D:8)
  4 cane toads
  4 yaktaurs
  A red devil (Depths:3)
  2 polar bears
  4 dream sheep
  A hippogriff (Lair:1)
  5 hornets
  4 blink frogs
  5 slime creatures
  Sigmund (D:3)
  3 wyverns
  7 yaks
  A spriggan (Depths:3)
  2 water moccasins (Lair:6)
  A crocodile (Lair:6)
  A swamp drake (D:8)
  An eye of draining (Slime:4)
  2 orc warriors
  3 black bears
  2 sky beasts (D:5)
  4 wolves
  2 ogres (Orc)
  An ogre (shapeshifter) (Depths:3)
  2 centaurs (D:12)
  3 big kobolds (D:10)
  2 killer bees (D:6)
  2 orc priests
  A jelly (Gauntlet)
  An orc wizard (D:3)
  A gnoll (D:10)
  An adder (D:7)
  A white imp (Depths:2)
  4 orcs
  A ball python (D:6)
  2 jackals (D:3)
  2 kobolds
  A plant (Lair:6)
137 creatures vanquished.

Vanquished Creatures (others)
  A deep elf master archer (Elf:3)
  An acid blob (Slime:1)
  2 deep elf sorcerers
  A stone giant (Depths:5)
  A deep elf annihilator (Elf:3)
  A deep elf death mage (Elf:3)
  A deep elf knight (Elf:1)
  A deep elf archer (Elf:3)
  3 deep elf magi
  A yaktaur (Depths:3)
  An iguana (Lair:6)
  7 fungi
  A pillar of salt (Elf:2)
  6 plants
  A starspawn tentacle (Abyss:1)
29 creatures vanquished.

Grand Total: 1445 creatures vanquished

Notes
Turn   | Place    | Note
-------+----------+-------------------------------------------
     0 | D:1      | galech the Demonspawn Fighter began the quest for the Orb.
     0 | D:1      | Reached XP level 1. HP: 18/18 MP: 1/1
   138 | D:1      | Gained mutation: You sometimes gain a little power by
                  | taking damage. [demonic ancestry]
   138 | D:1      | Reached XP level 2. HP: 19/24 MP: 2/2
   164 | D:1      | Reached skill level 2 in Axes
   320 | D:1      | Gained mutation: A weak demonic guardian rushes to your
                  | aid. [demonic ancestry]
   320 | D:1      | Reached XP level 3. HP: 25/29 MP: 3/3
   944 | D:2      | Gained mutation: You have a pair of small horns on your
                  | head. [demonic ancestry]
   944 | D:2      | Reached XP level 4. HP: 11/35 MP: 4/4
  1488 | D:2      | Found a sparkling altar of Nemelex Xobeh.
  1745 | D:3      | Noticed Sigmund
  1753 | D:3      | Killed Sigmund
  1753 | D:3      | Reached skill level 3 in Axes
  1753 | D:3      | Reached skill level 1 in Dodging
  1753 | D:3      | Gained mutation: You have sharp toenails. [demonic
                  | ancestry]
  1753 | D:3      | Reached XP level 5. HP: 25/42 MP: 5/5
  1828 | D:3      | Gained mutation: You regenerate a little health from kills.
                  | [demonic ancestry]
  1828 | D:3      | Reached XP level 6. HP: 45/48 MP: 6/6
  2151 | D:3      | Reached skill level 4 in Axes
  2301 | D:3      | Reached skill level 1 in Stealth
  2770 | D:4      | Gained mutation: You have sharp fingernails. [demonic
                  | ancestry]
  2770 | D:4      | Reached XP level 7. HP: 42/53 MP: 7/7
  2966 | D:4      | Found a staircase to the Ecumenical Temple.
  3239 | Temple   | Entered the Ecumenical Temple
  3378 | Temple   | Became a worshipper of Warmaster Okawaru
  3531 | D:4      | Found Beptati's Antique Armour Boutique.
  3719 | D:4      | Found a bloodstained altar of Trog.
  3829 | D:5      | Entered Level 5 of the Dungeon
  4092 | D:5      | Noticed Menkaure
  4095 | D:5      | Killed Menkaure
  4095 | D:5      | Reached * piety under Okawaru
  4095 | D:5      | Reached skill level 5 in Axes
  4095 | D:5      | Reached skill level 5 in Armour
  4114 | D:5      | Found a white marble altar of Elyvilon.
  4159 | D:5      | Noticed a hippogriff
  4165 | D:5      | Killed a hippogriff
  4165 | D:5      | Gained mutation: You have razor-sharp toenails. [demonic
                  | ancestry]
  4165 | D:5      | Reached XP level 8. HP: 52/60 MP: 8/8
  4364 | D:6      | Noticed Grinder
  4379 | D:6      | Killed Grinder
  4379 | D:6      | Reached skill level 6 in Axes
  4484 | D:6      | Reached skill level 5 in Shields
  4602 | D:6      | Noticed Blork the orc
  4611 | D:6      | Killed Blork the orc
  4709 | D:6      | Reached ** piety under Okawaru
  4853 | D:6      | Found a corrupted altar of Lugonu.
  4981 | D:6      | Gained mutation: You have a pair of horns on your head.
                  | [demonic ancestry]
  4981 | D:6      | Reached XP level 9. HP: 49/66 MP: 9/9
  5046 | D:6      | Found a glowing golden altar of the Shining One.
  5066 | D:6      | Reached skill level 7 in Axes
  5148 | D:6      | Found an ancient bone altar of Kikubaaqudgha.
  5148 | D:6      | Found a blossoming altar of Fedhas.
  5273 | D:7      | Noticed a troll
  5333 | D:7      | Gained mutation: You are clumsy. (Dex -2) [potion of
                  | mutation]
  5333 | D:7      | Gained mutation: You have claws for feet. [potion of
                  | mutation]
  5520 | D:7      | Reached *** piety under Okawaru
  5554 | D:7      | Reached skill level 5 in Fighting
  5620 | D:7      | Found a burning altar of Makhleb.
  5648 | D:7      | Killed a troll
  5882 | D:7      | Reached skill level 8 in Axes
  6168 | D:8      | Found Vutrejog's General Store.
  6169 | D:8      | Noticed a freezing wraith
  6182 | D:8      | Killed a freezing wraith
  6182 | D:8      | Reached **** piety under Okawaru
  6182 | D:8      | Mutation became permanent: You have razor-sharp toenails.
                  | [demonic ancestry]
  6182 | D:8      | Gained mutation: You have claws for feet. [demonic
                  | ancestry]
  6182 | D:8      | Reached XP level 10. HP: 8/74 MP: 10/10
  6229 | D:8      | Noticed Grum
  6360 | D:8      | Killed Grum
  6399 | D:8      | Bought a potion of heal wounds for 60 gold pieces
  6473 | D:8      | Noticed Joseph
  6486 | D:8      | Killed Joseph
  6740 | D:8      | Found a staircase to the Orcish Mines.
  6743 | D:8      | Reached skill level 9 in Axes
  7749 | D:9      | Reached ***** piety under Okawaru
  7817 | D:9      | Found a staircase to the Lair.
  7910 | D:9      | Noticed Nergalle
  7929 | D:9      | Killed Nergalle
  7975 | D:9      | Found a stormy altar of Qazlal.
  7975 | D:9      | Found a shimmering blue altar of Sif Muna.
  7980 | D:9      | Found a faded altar of an unknown god.
  7985 | D:9      | Found a snail-covered altar of Cheibriados.
  7987 | D:9      | Found a shattered altar of Ashenzari.
  8278 | D:9      | Found a shimmering altar of Xom.
  8378 | D:10     | Entered Level 10 of the Dungeon
  8478 | D:10     | Noticed a skeletal warrior
  8478 | D:10     | Noticed a death knight
  8666 | Orc      | Entered the Orcish Mines
  8666 | Orc      | Noticed a two-headed ogre
  8677 | Orc      | Killed a two-headed ogre
  8677 | Orc      | Reached skill level 10 in Axes
  8677 | Orc      | Gained mutation: A demonic guardian rushes to your aid.
                  | [demonic ancestry]
  8677 | Orc      | Reached XP level 11. HP: 81/83 MP: 9/11
  8744 | Orc      | Noticed Maurice
  8766 | Orc      | Killed Maurice
  8766 | Orc      | Received a gift from Okawaru
  8770 | Orc      | Got an ancient executioner's axe {god gift}
  8776 | Orc      | Identified the +1 executioner's axe of the Vestibule of
                  | Hell {venom, rN+ MR- Str+5} (Okawaru gifted it to you in
                  | the Orcish Mines)
  8813 | Orc      | Noticed a deep elf mage
  8813 | Orc      | Noticed a deep elf mage
  8813 | Orc      | Noticed a deep elf mage
  8816 | Orc      | Noticed a deep elf mage
  8816 | Orc      | Noticed a deep elf mage
  8819 | Orc      | Killed a deep elf mage
  8819 | Orc      | Noticed a deep elf mage
  8820 | Orc      | Noticed a deep elf mage
  8821 | Orc      | Noticed a deep elf mage
  8823 | Orc      | Noticed a deep elf mage
  8829 | Orc      | Killed a deep elf mage
  8829 | Orc      | Killed a deep elf mage
  8829 | Orc      | Reached skill level 1 in Invocations
  8829 | Orc      | Killed a deep elf mage
  8830 | Orc      | Noticed a two-headed ogre
  8831 | Orc      | Noticed a two-headed ogre
  8832 | Orc      | Killed a deep elf mage
  8832 | Orc      | Noticed a two-headed ogre
  8971 | Orc      | Killed a deep elf mage
  9017 | Orc      | Killed a deep elf mage
  9017 | Orc      | Reached ****** piety under Okawaru
  9017 | Orc      | Received a gift from Okawaru
  9116 | Orc      | Killed a deep elf mage
  9133 | Orc      | Killed a two-headed ogre
  9247 | Orc      | Noticed a two-headed ogre
  9248 | Orc      | Found Kidd's Assorted Antiques.
  9249 | Orc      | Noticed a two-headed ogre
  9254 | Orc      | Killed a two-headed ogre
  9254 | Orc      | Reached skill level 11 in Axes
  9256 | Orc      | Killed a two-headed ogre
  9260 | Orc      | Killed a two-headed ogre
  9261 | Orc      | Noticed an ogre mage
  9280 | Orc      | Killed an ogre mage
  9457 | Orc      | Noticed an ogre mage
  9461 | Orc      | Noticed a two-headed ogre
  9463 | Orc      | Noticed a two-headed ogre
  9471 | Orc      | Noticed a two-headed ogre
  9472 | Orc      | Killed an ogre mage
  9473 | Orc      | Killed a two-headed ogre
  9473 | Orc      | Received a gift from Okawaru
  9473 | Orc      | Gained mutation: You sometimes gain power by taking damage.
                  | [demonic ancestry]
  9473 | Orc      | Reached XP level 12. HP: 13/92 MP: 9/13
  9477 | Orc      | Killed a two-headed ogre
  9481 | Orc      | Killed a two-headed ogre
  9488 | Orc      | Got a heavily runed plate armour {god gift}
  9504 | Orc      | Noticed a two-headed ogre
  9515 | Orc      | Killed a two-headed ogre
  9534 | Orc      | Identified the +1 plate armour "Woegry" {rPois rC+ Dex+2
                  | Slay-3} (Okawaru gifted it to you in the Orcish Mines)
  9643 | Orc      | Noticed a two-headed ogre
  9645 | Orc      | Noticed Rupert
  9651 | Orc      | Killed a two-headed ogre
  9662 | Orc      | Killed Rupert
  9662 | Orc      | Reached skill level 12 in Axes
  9676 | Orc      | Noticed a two-headed ogre
  9682 | Orc      | Killed a two-headed ogre
  9806 | Orc      | Found Cuokoker's Distillery.
  9818 | Orc      | Bought 2 potions of curing for 60 gold pieces
  9897 | Orc      | Found Fehor's Antique Armour Shoppe.
  9898 | Orc      | Found Cawk's Antique Armour Boutique.
  9898 | Orc      | Found Laguiw's Distillery.
  9898 | Orc      | Found Owomp's Assorted Antiques.
  9898 | Orc      | Noticed a two-headed ogre
  9898 | Orc      | Noticed a two-headed ogre
  9904 | Orc      | Killed a two-headed ogre
  9906 | Orc      | Killed a two-headed ogre
  9990 | Orc      | Noticed Donald
 10008 | Orc      | Killed Donald
 10095 | Orc      | Noticed an ogre mage
 10096 | Orc      | Killed a two-headed ogre
 10104 | Orc      | HP: 4/94 [deep elf mage/bolt of fire (7)]
 10340 | Orc      | Noticed an ogre mage
 10347 | Orc      | Killed an ogre mage
 10347 | Orc      | Received a gift from Okawaru
 10457 | Orc      | Killed an ogre mage
 10503 | Orc      | Found a staircase to the Elven Halls.
 10868 | D:10     | Noticed a two-headed ogre
 10876 | D:10     | Killed a two-headed ogre
 10876 | D:10     | Gained mutation: You are powered by pain. [demonic
                  | ancestry]
 10876 | D:10     | Reached XP level 13. HP: 97/101 MP: 16/16
 10952 | D:10     | Reached skill level 10 in Armour
 11146 | D:10     | Noticed Erica
 11174 | D:10     | Killed Erica
 11319 | D:10     | Reached skill level 13 in Axes
 11377 | D:10     | Received a gift from Okawaru
 11486 | Lair:1   | Entered Level 1 of the Lair of Beasts
 12598 | Lair:1   | Noticed Gastronok
 12614 | Lair:1   | Killed Gastronok
 12614 | Lair:1   | Reached skill level 10 in Shields
 12831 | Lair:2   | Identified a scroll of acquirement
 12831 | Lair:2   | Identified the +8 broad axe "Xuufemu Huon" {antimagic,
                  | Dex+3 SInv} (You acquired it on level 2 of the Lair of
                  | Beasts)
 12831 | Lair:2   | Identified the +2 hat of Genwoy {rPois Str+3 Stlth+} (You
                  | acquired it on level 2 of the Lair of Beasts)
 12885 | Lair:2   | Got a fading ring mail
 13280 | Lair:2   | Found a gate leading to a gauntlet.
 13284 | Gauntlet | Entered a Gauntlet
 13284 | Gauntlet | Found a transporter.
 13284 | Gauntlet | Found a transporter.
 13295 | Gauntlet | Identified the cursed +0 ring mail of the Final Orbs {Str+2
                  | Int+2} (You found it on level 2 of the Lair of Beasts)
 13310 | Gauntlet | Found a transporter.
 13310 | Gauntlet | Found a transporter.
 13320 | Gauntlet | Found a transporter.
 13344 | Gauntlet | Found a transporter.
 13390 | Gauntlet | Found a transporter.
 13404 | Gauntlet | Found a transporter.
 13418 | Gauntlet | Found a transporter.
 13431 | Gauntlet | Found a transporter.
 13520 | Gauntlet | Found a transporter.
 13532 | Gauntlet | Found a transporter.
 13548 | Gauntlet | Found a transporter.
 13559 | Gauntlet | Noticed a death ooze
 13561 | Gauntlet | Found a transporter.
 13776 | Gauntlet | Reached skill level 5 in Invocations
 13894 | Gauntlet | Found a transporter.
 13937 | Gauntlet | Killed a death ooze
 13949 | Gauntlet | Got a faintly humming cloak
 13966 | Gauntlet | Identified the +2 cloak "Jeygivozatz" {*Corrode rPois
                  | Regen+} (You found it in a Gauntlet)
 14003 | Gauntlet | Noticed a minotaur
 14021 | Gauntlet | Killed a minotaur
 14021 | Gauntlet | Reached skill level 10 in Fighting
 14494 | Lair:3   | Found a hole to the Spider Nest.
 14666 | Lair:3   | Received a gift from Okawaru
 14667 | Lair:3   | Reached XP level 14. HP: 108/110 MP: 18/18
 15136 | Lair:3   | Found an iron altar of Okawaru.
 15203 | Lair:3   | Found a staircase to the Shoals.
 15447 | Lair:4   | Reached skill level 14 in Axes
 16337 | Lair:5   | Found a viscous altar of Jiyva.
 16361 | Lair:5   | Received a gift from Okawaru
 16528 | Lair:5   | Noticed Nessos
 16536 | Lair:5   | Killed Nessos
 17040 | Lair:6   | Entered Level 6 of the Lair of Beasts
 18155 | Lair:6   | Reached skill level 15 in Axes
 18216 | Lair:6   | Reached XP level 15. HP: 62/120 MP: 19/19
 18638 | Lair:5   | Found a staircase to the Slime Pits.
 18654 | Lair:5   | Received a gift from Okawaru
 18657 | Lair:5   | Got a shimmering buckler {god gift}
 18665 | Lair:5   | Identified the +0 buckler "Wim Byo" {rC++ Regen+} (Okawaru
                  | gifted it to you on level 5 of the Lair of Beasts)
 18897 | D:11     | Found a frozen archway.
 18943 | IceCv    | Entered an ice cave
 19241 | IceCv    | Noticed a frost giant
 19263 | IceCv    | Killed a frost giant
 19311 | IceCv    | Got a bloodstained great sword
 19316 | IceCv    | Identified the Catalogue of the Glacier
 19403 | D:11     | Found a gate to the Vaults.
 20119 | D:12     | Entered Level 12 of the Dungeon
 20254 | D:12     | Received a gift from Okawaru
 20287 | D:12     | Got a heavily runed scale mail {god gift}
 20298 | D:12     | Identified the +0 scale mail of the Locust {Str+5 Stlth-}
                  | (Okawaru gifted it to you on level 12 of the Dungeon)
 20486 | D:12     | Reached skill level 16 in Axes
 20542 | D:12     | Noticed Fannar
 20557 | D:12     | Killed Fannar
 20557 | D:12     | Identified the +2 robe of Uklukhleo {*Slow rF+ rC+}
 20560 | D:12     | Found Loiddeos's Antique Armour Boutique.
 20783 | D:12     | Found a staircase to the Depths.
 20788 | Depths:1 | Entered Level 1 of the Depths
 20794 | Depths:1 | Noticed Saint Roka
 20825 | Depths:1 | Killed Saint Roka
 20871 | Depths:1 | Found a gateway to Hell.
 20933 | Depths:1 | Reached XP level 16. HP: 132/132 MP: 20/20
 21052 | Depths:1 | Identified the +1 faerie dragon scales {rElec rCorr}
 21052 | Depths:1 | Noticed the Enchantress
 21073 | Depths:1 | Received a gift from Okawaru
 21084 | Depths:1 | Killed the Enchantress
 21101 | Depths:1 | Got a shimmering scale mail {god gift}
 21500 | Depths:1 | Noticed Mara
 21509 | Depths:1 | Noticed galech's illusion
 21523 | Depths:1 | Killed from afar by Mara (illusionary)
 21524 | Depths:1 | Reached XP level 15. HP: -6/127 MP: 29/29
 21584 | Depths:1 | Identified the cursed +2 falchion of Hapsiopp {flame,
                  | *Noise Int+6 Dex+9 SInv}
 21596 | Depths:1 | Reached skill level 17 in Axes
 21622 | Depths:1 | Identified the +0 scale mail "Jamiu" {rCorr} (Okawaru
                  | gifted it to you on level 1 of the Depths)
 21810 | Depths:1 | Found a portal to a secret trove of treasure.
 21962 | Depths:1 | Noticed galech's illusion
 21977 | Depths:1 | Slain by galech's illusion (illusionary)
 21978 | Depths:1 | Reached XP level 14. HP: -3/121 MP: 28/28
 22022 | Depths:1 | Killed Mara
 22154 | Depths:2 | Noticed a frost giant
 22161 | Depths:2 | Killed a frost giant
 22161 | Depths:2 | Received a gift from Okawaru
 22165 | Depths:2 | Reached skill level 15 in Fighting
 22261 | Depths:2 | Noticed a stone giant
 22277 | Depths:2 | Killed a stone giant
 22369 | Depths:2 | Noticed a fire giant
 22374 | Depths:2 | Noticed a lich
 22382 | Depths:2 | Killed a fire giant
 22382 | Depths:2 | Reached XP level 15. HP: 57/129 MP: 20/20
 22387 | Depths:2 | Killed a lich
 22438 | Depths:2 | Found a one-way gate to the infinite horrors of the Abyss.
 22451 | Depths:2 | Noticed a fire giant
 22459 | Depths:2 | Killed a fire giant
 22586 | Depths:2 | Noticed a frost giant
 22592 | Depths:2 | Killed a frost giant
 22724 | Depths:2 | Noticed a fire giant
 22730 | Depths:2 | Killed a fire giant
 22730 | Depths:2 | Received a gift from Okawaru
 22731 | Depths:2 | Found the +8 mithril axe "Arga" {speed, MR+}
 22787 | Depths:2 | Noticed a caustic shrike
 22787 | Depths:2 | Noticed a fire giant
 22797 | Depths:2 | Killed a caustic shrike
 22797 | Depths:2 | Reached skill level 5 in Stealth
 22809 | Depths:2 | Killed a fire giant
 22817 | Depths:2 | Reached skill level 5 in Dodging
 23038 | Depths:3 | Noticed a tengu reaver
 23053 | Depths:3 | Killed a tengu reaver
 23084 | Depths:3 | Received a gift from Okawaru
 23094 | Depths:3 | Noticed a sphinx
 23103 | Depths:3 | Killed a sphinx
 23159 | Depths:3 | Noticed a tengu reaver
 23179 | Depths:3 | Killed a tengu reaver
 23215 | Depths:3 | Reached skill level 18 in Axes
 23220 | Depths:3 | Received a gift from Okawaru
 23259 | Depths:3 | Noticed a fire giant
 23266 | Depths:3 | Killed a fire giant
 23350 | Depths:3 | Noticed a fire giant
 23484 | Depths:3 | Found a one-way gate leading to the halls of Pandemonium.
 23715 | D:10     | Reached XP level 16. HP: 44/138 MP: 21/21
 23897 | Orc      | Bought a spiked crystal plate armour for 2125 gold pieces
 23907 | Orc      | Identified the +13 crystal plate armour of Infinity
                  | {Stlth+} (You bought it in a shop in the Orcish Mines)
 24197 | Depths:3 | Noticed Nikola
 24211 | Depths:3 | Killed Nikola
 24257 | Depths:3 | Noticed a sphinx
 24264 | Depths:3 | Killed a sphinx
 24448 | Depths:3 | Received a gift from Okawaru
 24840 | Depths:4 | Found a gateway to a ziggurat.
 25140 | Depths:4 | Found Onlojaa's General Store.
 25140 | Depths:4 | Found Eteselas's Jewellery Emporium.
 25153 | Depths:4 | Identified the +2 ring mail of the Swamp {rElec Slay+4}
 25202 | Depths:4 | Noticed a caustic shrike
 25207 | Depths:4 | Noticed a juggernaut
 25208 | Depths:4 | Noticed a caustic shrike
 25210 | Depths:4 | Noticed a tengu reaver
 25212 | Depths:4 | Killed a caustic shrike
 25218 | Depths:4 | Received a gift from Okawaru
 25224 | Depths:4 | Killed a caustic shrike
 25224 | Depths:4 | Reached XP level 17. HP: 87/147 MP: 22/22
 25240 | Depths:4 | Killed a juggernaut
 25253 | Depths:4 | Paralysed by a floating eye for 2 turns
 25256 | Depths:4 | Reached skill level 19 in Axes
 25275 | Depths:4 | Got a pair of buzzing gloves {god gift}
 25290 | Depths:4 | Identified the +0 pair of gloves "Yteecw" {Str+2} (Okawaru
                  | gifted it to you on level 4 of the Depths)
 25810 | Depths:5 | Entered Level 5 of the Depths
 25883 | Depths:5 | Received a gift from Okawaru
 25897 | Depths:5 | Noticed a lich
 25914 | Depths:5 | Cast into level 1 of the Abyss (a lich)
 26126 | Abyss:1  | Noticed a bone dragon
 26138 | Abyss:1  | Killed a bone dragon
 26219 | Depths:5 | Escaped the Abyss
 26262 | Depths:5 | Killed a lich
 26386 | Depths:5 | Received a gift from Okawaru
 26400 | Depths:5 | Noticed a tentacled monstrosity
 26408 | Depths:5 | Killed a tentacled monstrosity
 26413 | Depths:5 | Found Qajaedei's Gadget Shoppe.
 26414 | Depths:5 | Found Hoatut's Jewellery Shop.
 26417 | Depths:5 | Found Bunawiga's Gadget Shoppe.
 26437 | Depths:5 | Bought the ring "Voot" {*Contam rF+++ rN++ Slay+4 SInv} for
                  | 968 gold pieces
 26509 | Depths:5 | Found a shimmering blue altar of Sif Muna.
 26541 | Depths:5 | Reached XP level 18. HP: 109/156 MP: 24/24
 26678 | Depths:5 | Noticed a juggernaut
 26763 | Depths:5 | Killed a juggernaut
 26874 | Depths:5 | Noticed a bone dragon
 26898 | Depths:5 | Killed a bone dragon
 26966 | Depths:5 | Noticed a bone dragon
 26991 | Depths:5 | Killed a bone dragon
 26991 | Depths:5 | Received a gift from Okawaru
 27013 | Depths:5 | Got a jewelled war axe {god gift}
 27071 | Depths:5 | Found a gate to the Realm of Zot.
 28030 | Elf:1    | Entered Level 1 of the Elven Halls
 28122 | Elf:1    | Received a gift from Okawaru
 28785 | Elf:2    | Found a ruined gateway.
 28807 | Desolati | Entered the Desolation of Salt
 28850 | Desolati | Reached skill level 20 in Axes
 28896 | Desolati | Gained mutation: You have very sharp fingernails. [demonic
                  | ancestry]
 28896 | Desolati | Reached XP level 19. HP: 165/165 MP: 25/25
 28938 | Desolati | Received a gift from Okawaru
 28959 | Desolati | Got a crude chain mail {god gift}
 29010 | Desolati | Identified the +6 chain mail of Existentialism {Regen+ MP+9
                  | Int+3 Dex+3} (Okawaru gifted it to you in the Desolation of
                  | Salt)
 29106 | Desolati | Found the +4 moon troll leather armour {Spirit, Regen++
                  | rCorr MP+5}
 29116 | Desolati | Got a steaming marble ring
 29165 | Desolati | Got a crude diamond amulet
 29436 | Desolati | Identified the Disquisition on the Dusty Escort
 29456 | Desolati | Got a scorched buckler
 29459 | Desolati | Identified the Grimoire of Ashen Snow
 29463 | Desolati | Identified the amulet of Tioqeuri {Reflect rC++ rN+ SH+3
                  | Stlth+} (You found it in the Desolation of Salt)
 29466 | Desolati | Identified the +1 buckler of Snakes and Ladders {rN+ Str-4
                  | Slay+6} (You found it in the Desolation of Salt)
 29467 | Desolati | Identified the ring of Xoptued {rC+ MP+9 Stlth+} (You found
                  | it in the Desolation of Salt)
 29474 | Desolati | Got an encrusted scale mail
 29523 | Desolati | Got a slimy leather armour
 30250 | Elf:2    | Found a runed gate.
 30250 | Elf:2    | Found a runed gate.
 30250 | Elf:2    | Found a runed gate.
 30285 | Elf:2    | Received a gift from Okawaru
 30524 | Elf:2    | Identified the +3 war axe "Emuutacw" {speed, Fragile +Inv
                  | rN+} (Okawaru gifted it to you on level 5 of the Depths)
 30537 | Elf:2    | Identified the cursed +1 scale mail "Ledgh" {*Corrode +Fly
                  | Int+6 Dex+4} (You found it in the Desolation of Salt)
 30548 | Elf:2    | Identified the +1 leather armour of the Vaults {+Inv rPois
                  | Slay-3 SInv} (You found it in the Desolation of Salt)
 31011 | Elf:2    | Received a gift from Okawaru
 31137 | Elf:3    | Entered Level 3 of the Elven Halls
 31455 | Elf:3    | Noticed Roxanne
 31469 | Elf:3    | Killed Roxanne
 31469 | Elf:3    | Gained mutation: You have claws for hands. [demonic
                  | ancestry]
 31469 | Elf:3    | Reached XP level 20. HP: 156/176 MP: 27/27
 31470 | Elf:3    | Identified Roxanne's Papyrus of Changing (You took it off
                  | Roxanne on level 3 of the Elven Halls)
 31612 | Elf:3    | Received a gift from Okawaru
 31793 | Elf:3    | Reached skill level 10 in Invocations
 31938 | Elf:3    | Found the +3 giant club "Skullcrusher" {speed, Str+7}
 31961 | Elf:3    | Got a crude plate armour
 31962 | Elf:3    | Identified Sif Muna's Compendium of Earthen Ignition
 32009 | Elf:3    | Identified the +2 plate armour "Orimepid" {rC- Slay+6 SInv
                  | Stlth+} (You found it on level 3 of the Elven Halls)
 32648 | Slime:1  | Entered Level 1 of the Pits of Slime
 32742 | Slime:1  | Received a gift from Okawaru
 32812 | Slime:3  | Reached skill level 21 in Axes
 32903 | Slime:4  | Received a gift from Okawaru
 33007 | Slime:5  | Entered Level 5 of the Pits of Slime
 33213 | Slime:5  | Found a viscous altar of Jiyva.
 33567 | Slime:5  | Noticed the Royal Jelly
 33576 | Slime:5  | Killed the Royal Jelly
 33576 | Slime:5  | Received a gift from Okawaru
 33576 | Slime:5  | Gained mutation: You have a pair of large horns on your
                  | head. [demonic ancestry]
 33576 | Slime:5  | Reached XP level 21. HP: 104/184 MP: 18/28
 33586 | Slime:5  | HP: 5/184 [azure jelly[the Royal Jelly] (5)]
 33586 | Slime:5  | Slain by an azure jelly

Skill      XL: |  1  2  3  4  5  6  7  8  9 10 11 12 13 14 15 16 17 18 19 20 |
---------------+-------------------------------------------------------------+-----
Shields        | 3 4 5 6 7 8 9 10 11 13 14 | 14.7
Axes           | 2 3 4 5 6 8 10 11 12 13 15 18 19 20 21 | 21.3
Armour         | 3 4 5 6 7 8 9 10 11 12 13 14 | 14.0
Dodging        | 1 2 3 5 6 |  6.8
Stealth        | 1 2 3 5 6 7 8 |  8.6
Fighting       | 4 5 6 7 9 10 15 16 17 18 19 20 | 20.5
Invocations    | 2 4 5 7 8 9 10 | 10.3

Action                   |  1- 3 |  4- 6 |  7- 9 | 10-12 | 13-15 | 16-18 | 19-21 || total
-------------------------+-------+-------+-------+-------+-------+-------+-------++-------
Melee: War axe           |   140 |   126 |   321 |   399 |   270 |       |       ||  1256
       Headbutt          |       |    19 |    54 |    79 |   303 |   224 |   154 ||   833
       Kick              |       |    33 |    88 |   128 |   515 |   368 |   230 ||  1362
       Hand axe          |       |       |       |       |   214 |       |       ||   214
       Broad axe         |       |       |       |       |  1022 |   929 |   647 ||  2598
Invok: Heroism           |       |       |       |    14 |    18 |    14 |    13 ||    59
       Finesse           |       |       |       |     2 |     7 |     7 |     6 ||    22
  Use: Scroll            |       |     5 |     2 |     6 |    16 |     7 |     4 ||    40
       Potion            |       |       |     4 |     8 |     4 |     1 |     1 ||    18
 Stab: Distracted        |       |     1 |     3 |     3 |    13 |     8 |     6 ||    34
       Petrified         |       |       |       |       |     3 |       |       ||     3
       Sleeping          |       |       |       |       |     5 |       |    17 ||    22
  Eat: Chunk             |     6 |    10 |    17 |    26 |    62 |    29 |    17 ||   167
       Ration            |       |       |     1 |       |     1 |       |     2 ||     4
Armor: Scale mail        |    62 |    41 |       |    31 |    37 |       |       ||   171
       Plate armour      |       |    26 |   190 |   104 |   216 |    18 |       ||   554
       Chain mail        |       |       |       |       |   268 |       |       ||   268
       Acid dragon scale |       |       |       |       |    61 |     5 |       ||    66
       Crystal plate arm |       |       |       |       |       |   392 |    78 ||   470
       Troll leather arm |       |       |       |       |       |       |    71 ||    71
Dodge: Dodged            |    39 |    21 |    37 |    80 |   543 |   199 |   134 ||  1053
       Deflected         |       |       |     1 |       |       |       |       ||     1
Block: Medium shield     |    77 |    65 |   208 |   229 |   484 |       |       ||  1063
       Buckler           |       |       |       |       |   221 |   186 |   146 ||   553
       Reflection        |       |       |       |       |       |     7 |    19 ||    26
